 Dungeon Crawl Stone Soup version 0.27-a0-1512-g99fd57bada (webtiles) character file.

Game seed: 14850337566607175369

2673 haraldwagner the Cudgeller (level 9, -3/82 HPs)
             Began as a Troll Berserker on July 9, 2021.
             Was an Initiate of Makhleb.
             Slain by a polar bear (5 damage)
             ... created by the rage of Trog
             ... on level 7 of the Dungeon.
             The game lasted 01:17:01 (5795 turns).

haraldwagner the Cudgeller (Troll Berserker)        Turns: 5795, Time: 01:17:02

Health: -3/82      AC: 11    Str: 27    XL:     9   Next: 37%
Magic:  8/8        EV: 13    Int:  3    God:    Makhleb [......]
Gold:   323        SH:  0    Dex: 18    Spells: 8/8 levels left

rFire    . . .     SeeInvis .   g - +4 halberd
rCold    + . .     Faith    .   (shield currently unavailable)
rNeg     . . .     Spirit   .   b - +1 animal skin
rPois    .         Reflect  .   (helmet restricted)
rElec    .         Harm     .   (no cloak)
rCorr    .         Rampage  .   (gloves unavailable)
Will     .....                  (boots unavailable)
Stlth    ++........             (no amulet)
HPRegen  1.23/turn              m - +6 ring of dexterity
MPRegen  0.11/turn              G - +4 ring of protection

@: about to teleport
A: large, unfitting armour, claws 3, regeneration 1, shaggy fur 1, tough skin 1,
iridescent scales 1, cold resistance 1, frail 1
a: Renounce Religion


You were on level 7 of the Dungeon.
You worshipped Makhleb.
Makhleb was noncommittal.
You visited 2 branches of the dungeon, and saw 8 of its levels.
You also visited: Sewer.

You collected 323 gold pieces.

Inventory:

Hand Weapons
 f - a +0 whip of flaming
 g - a +4 halberd (weapon)
 j - a +0 dagger of electrocution
 r - a +1 flail of venom
 y - a +3 quarterstaff of chaos
 F - a +2 battleaxe
 J - a +2 short sword of freezing
 K - a +0 hunting sling
Missiles
 k - 176 stones (quivered)
 o - 80 arrows
 v - 25 poisoned darts
 A - 3 boomerangs
 P - a curare-tipped dart
Armour
 b - a +1 animal skin (worn)
 w - the +0 cloak "Vaconun" {rC+ Str+3}
   (You acquired it on level 2 of the Dungeon)

   Str:       It affects your strength (+3).
   rC:        It protects you from cold.
 I - a +2 scale mail of willpower
Magical Staves
 p - a staff of poison
 x - a staff of fire
Jewellery
 m - a +6 ring of dexterity (left claw)
 t - a ring of resist corrosion
 G - a +4 ring of protection (right claw)
 M - a +6 ring of dexterity
Wands
 H - a wand of flame (14)
Scrolls
 a - 2 scrolls of identify
 c - 2 scrolls of magic mapping
 d - a scroll of fog
 l - a scroll of enchant armour
 n - 2 scrolls of fear
 q - a scroll of teleportation
 s - 6 scrolls of blinking
 E - a scroll of amnesia
 Q - a scroll of silence {unknown}
Potions
 e - a potion of brilliance
 h - 3 potions of curing
 i - a potion of might
 u - a potion of flight
 z - 3 potions of attraction


   Skills:
 + Level 6.5 Fighting
 + Level 7.2 Maces & Flails
 + Level 1.9 Polearms
 + Level 6.5 Dodging


You had 8 spell levels left.
You didn't know any spells.
Your spell library contained the following spells:

 Spells                   Type           Power      Damage    Failure   Level
 Stone Arrow              Conj/Erth      0%         3d7       88%         3
 Animate Armour           Summ/Erth      0%         N/A       99%         4
 Fireball                 Conj/Fire      0%         3d3       100%        5
 Starburst                Conj/Fire      0%         8x6d3     100%        6
 Ignition                 Fire           0%         3d3       100%        8
 Lehudib's Crystal Spear  Conj/Erth      0%         10d2      100%        8


Dungeon Overview and Level Annotations

Branches:
Dungeon (7/15)             Temple (1/1) D:7           Sewer (visited)

Altars:
Cheibriados
Dithmenos
Elyvilon
Fedhas
Gozag
Hepliaklqana
Kikubaaqudgha
Makhleb
Okawaru
Qazlal
Ru
Sif Muna
Trog
Vehumet
Wu Jian
Xom
Yredelemnul
The Shining One


Innate Abilities, Weirdness & Mutations

You are too large for most types of armour.
You have claws for hands.
Your natural rate of healing is unusually fast.
You are covered in fur. (AC +1)
You have tough skin. (AC +1)
You are partially covered in iridescent scales. (AC +2)
Your flesh is cold resistant. (rC+)
You are frail. (-10% HP)


Message History

The polar bear claws you but does no damage.
The polar bear bites you!! The polar bear closely misses you.
The polar bear barely misses you. The black bear bites you.
The black bear completely misses you. The black bear closely misses you.
The polar bear barely misses you. The polar bear claws you.
The polar bear misses you. The polar bear barely misses you. x2
The polar bear closely misses you. The black bear barely misses you.
The black bear claws you.
The black bear claws you but does no damage.
Blink to where?
Press: ? - help, Dir - move target, f - you
Okay, then.
As you read the scroll of teleportation, it crumbles to dust.
You feel strangely unstable.
The black bear rages.
The polar bear bites you. The polar bear barely misses you.
The polar bear claws you but does no damage.
The polar bear misses you. The polar bear completely misses you.
The polar bear barely misses you.
The black bear bites you but does no damage.
The black bear claws you but does no damage. x2
You slice the polar bear!!
The polar bear is heavily wounded.
The black bear rages.
The polar bear bites you!
* * * LOW HITPOINT WARNING * * *
The polar bear misses you.
The polar bear claws you but does no damage.
The polar bear closely misses you. The polar bear claws you.
* * * LOW HITPOINT WARNING * * *
The polar bear claws you.
* * * LOW HITPOINT WARNING * * *
The black bear bites you.
* * * LOW HITPOINT WARNING * * *
The black bear claws you but does no damage.
The black bear completely misses you. The polar bear bites you!
* * * LOW HITPOINT WARNING * * *
The polar bear claws you but does no damage.
The polar bear claws you.
You die...

#######.## #..#..#
##.###....## #
#...#...## #
##....### ##
##...## #. ##...#
#. ######## ##..##
#. #.##.hh## ###.##
## ##..##h@## ##.##
# ##.#####h##
##.#### #.## ##h##
##.... ### ##.##
#.... #..### ###..
##...###### ###
######.....##.###
#...............#
###........###.[###


You could see 3 polar bears and 2 black bears.

Vanquished Creatures
  A shadow (D:6)
  2 water moccasins (D:7)
  4 ice beasts
  An orc warrior (D:7)
  2 necrophages (D:6)
  3 ogres
  A kobold brigand (D:7)
  2 bullfrogs (Sewer)
  4 scorpions
  A water moccasin skeleton (D:4)
  4 wights (D:6)
  2 howler monkeys (D:6)
  A centaur zombie (D:5)
  Crazy Yiuf (D:4)
  3 orc priests
  A gnoll shaman (D:7)
  Ijyb (D:4)
  3 iguanas (D:5)
  4 orc wizards
  2 hound skeletons
  A howler monkey skeleton (D:7)
  7 adders
  5 gnolls (D:7)
  2 river rats
  A shadow imp (D:5)
  2 white imps
  An ufetubus (D:5)
  A worm (D:3)
  A dart slug (D:2)
  12 orcs
  22 ball pythons
  2 bats
  3 endoplasms
  3 giant cockroaches
  5 hobgoblins
  13 jackals
  11 kobolds
  5 quokkas
  4 frilled lizards
  8 goblins
  30 rats
  A bush (D:4)
183 creatures vanquished.

Vanquished Creatures (others)
  A human (D:7)
  4 fungi (D:4)
5 creatures vanquished.

Grand Total: 188 creatures vanquished

Notes
Turn   | Place    | Note
-------+----------+-------------------------------------------
     0 | D:1      | haraldwagner the Troll Berserker began the quest for the
                  | Orb.
     0 | D:1      | Reached XP level 1. HP: 22/22 MP: 0/0
   221 | D:1      | Reached XP level 2. HP: 29/29 MP: 1/1
   362 | D:1      | Found a faded altar of an unknown god.
   380 | D:1      | Reached skill level 3 in Maces & Flails
  1156 | D:2      | Reached XP level 3. HP: 36/36 MP: 2/2
  1177 | D:2      | Gained mutation: You sometimes lose the ability to read
                  | scrolls when taking damage. [potion of mutation]
  1177 | D:2      | Gained mutation: You have large cloven feet. [potion of
                  | mutation]
  1272 | D:2      | Reached ** piety under Trog
  1453 | D:2      | Identified a scroll of acquirement
  1453 | D:2      | Acquired the +0 cloak "Vaconun" {rC+ Str+3}
  1465 | D:2      | Lost mutation: You sometimes lose the ability to read
                  | scrolls when taking damage. [potion of mutation]
  1465 | D:2      | Lost mutation: You have large cloven feet. [potion of
                  | mutation]
  1465 | D:2      | Gained mutation: You are partially covered in iridescent
                  | scales. (AC +2) [potion of mutation]
  1465 | D:2      | Gained mutation: You are frail. (-10% HP) [potion of
                  | mutation]
  1465 | D:2      | Gained mutation: Your flesh is cold resistant. (rC+)
                  | [potion of mutation]
  1528 | D:3      | Found a glowing drain.
  1579 | D:3      | Found a white marble altar of Elyvilon.
  1629 | D:3      | Reached XP level 4. HP: 40/40 MP: 3/3
  1687 | Sewer    | Entered a sewer
  1764 | Sewer    | Reached *** piety under Trog
  1898 | Sewer    | Noticed a bullfrog
  1898 | Sewer    | Noticed a bullfrog
  1905 | Sewer    | Reached XP level 5. HP: 46/47 MP: 4/4
  1913 | Sewer    | Reached skill level 4 in Maces & Flails
  1928 | Sewer    | Reached XP level 6. HP: 12/55 MP: 5/5
  2280 | D:3      | Found a glowing golden altar of the Shining One.
  2285 | D:3      | Found a sacrificial altar of Ru.
  2454 | D:4      | Found an opulent altar of Gozag.
  2517 | D:4      | Found a blossoming altar of Fedhas.
  2725 | D:4      | Reached **** piety under Trog
  2931 | D:4      | Noticed Ijyb
  2941 | D:4      | Killed Ijyb
  3129 | D:4      | Found a runed translucent door.
  3130 | D:4      | Noticed Crazy Yiuf
  3149 | D:4      | Killed Crazy Yiuf
  3238 | D:4      | Reached XP level 7. HP: 63/63 MP: 6/6
  3273 | D:5      | Entered Level 5 of the Dungeon
  3344 | D:5      | Found a bloodstained altar of Trog.
  3393 | D:5      | Reached skill level 5 in Maces & Flails
  3875 | D:5      | Reached skill level 5 in Fighting
  3875 | D:5      | Reached skill level 5 in Dodging
  3988 | D:6      | Reached XP level 8. HP: 55/72 MP: 7/7
  4071 | D:6      | Reached skill level 6 in Maces & Flails
  4329 | D:6      | Found a shimmering blue altar of Sif Muna.
  4658 | D:6      | Reached XP level 9. HP: 41/67 MP: 8/8
  4734 | D:7      | Found a staircase to the Ecumenical Temple.
  4748 | Temple   | Entered the Ecumenical Temple
  5034 | D:7      | Reached skill level 1 in Polearms
  5074 | D:7      | Found an ancient bone altar of Kikubaaqudgha.
  5286 | D:7      | Reached skill level 7 in Maces & Flails
  5448 | D:7      | Found a burning altar of Makhleb.
  5453 | D:7      | Fell from the grace of Trog
  5453 | D:7      | Became a worshipper of Makhleb the Destroyer
  5790 | D:7      | Noticed a polar bear
  5790 | D:7      | Noticed a polar bear
  5790 | D:7      | Noticed a polar bear
  5795 | D:7      | HP: 2/82 [polar bear[the rage of Trog] (9)]
  5795 | D:7      | Slain by a polar bear

Illustrated notes

Levels and vault maps discovered:
D:1:      heliophobic_arrival_dark_side_of_the_moon, layout_loops_ring,
          ebering_ecumenical_altar_sacrificial, serial_co_window_serial,
          co_window_paths_a, co_window_paths_b, co_window_of_opportunity_a,
          co_window_corner_a, co_window_paths_b, co_window_broadway_a,
          co_window_corner_cb, co_window_unsneaky_path_a, glass_columns_b,
          glass_columns_a, glass_columns_b, glass_columns_b
D:2:      layout_rooms, basic_altar
D:3:      layout_basic, mainiacjoe_overflow_alcove_2, minitemple,
          cheibrodos_sewer_entry_sluice, chequers_mini_garden
D:4:      layout_basic, mainiacjoe_overflow_brackets, mainiacjoe_overflow_paths,
          minivault_5, hangedman_decor_clover_reticule, uniq_ijyb,
          uniq_crazy_yiuf_cottage
D:5:      layout_basic, old_standard_altar
D:6:      layout_loops_ring, kennysheep_little_box
D:7:      layout_layer_cave, tgw_kikubaaqudgha, mainiacjoe_overflow_chevrons,
          minmay_temple_entry_mini_moons
Temple:   nicolae_temple_figure_zero

Skill      XL: |  1  2  3  4  5  6  7  8  9 |
---------------+----------------------------+-----
Maces & Flails | 3 4 5 6 7 |  7.2
Fighting       | 3 4 5 6 |  6.5
Dodging        | 3 4 5 6 |  6.5
Polearms       | 1 |  1.9

Action                   |  1- 3 |  4- 6 |  7- 9 || total
-------------------------+-------+-------+-------++-------
Melee: Mace              |    65 |       |       ||    65
       Whip              |    11 |       |       ||    11
       Flail             |    37 |   221 |   151 ||   409
       Kick              |     4 |       |       ||     4
       Unarmed           |       |    15 |       ||    15
       Halberd           |       |       |    71 ||    71
  Use: Scroll            |     5 |     2 |     6 ||    13
       Potion            |     5 |       |     9 ||    14
 Stab: Sleeping          |     1 |     1 |     2 ||     4
Armor: Animal skin       |    46 |    98 |   111 ||   255
Dodge: Dodged            |    60 |   191 |   189 ||   440

Table legend: (Time is in decaauts)
 A = Elapsed time spent in this place.
 B = Non-inter-level travel time spent in this place.
 C = Inter-level travel time spent in this place.
 D = Time resting spent in this place.
 E = Time spent auto-exploring this place.
 F = Levels seen in this place.
 G = Mean time per level.
                   A        B        C        D        E       F      G
               +--------+--------+--------+--------+--------+-----+--------+
         Total |   5943 |   1865 |   4078 |      0 |    158 |   9 |  660.3 |
       Dungeon |   5446 |   1498 |   3948 |      0 |    158 |   7 |  778.0 |
        Temple |    135 |      5 |    130 |      0 |      0 |   1 |  135.0 |
         Sewer |    361 |    361 |      0 |      0 |      0 |   1 |  361.0 |
               +--------+--------+--------+--------+--------+-----+--------+

Top non-repeatable levels by time:
     D:1: 1122 daAuts
     D:7: 963 daAuts
     D:4: 900 daAuts
     D:6: 756 daAuts
     D:5: 712 daAuts
     D:3: 624 daAuts
     D:2: 366 daAuts
   Sewer: 361 daAuts
  Temple: 135 daAuts
